 Dungeon Crawl Stone Soup version 0.29-a0-973-gac7da5f7f0 (webtiles) character file.

Game seed: 17989370060035008377

3 vurker the Sneak (level 1, 0/9 HPs)
             Began as a Vine Stalker Enchanter on July 31, 2022.
             Slain by a gnoll
             ... wielding a +0 club
              (5 damage)
             ... on level 1 of the Dungeon.
             The game lasted 00:00:45 (292 turns).

vurker the Sneak (Vine Stalker Enchanter)            Turns: 292, Time: 00:00:45

Health: 0/9        AC:  2    Str: 10    XL:     1   Next: 50%
Magic:  0/4        EV: 12    Int: 15    God:
Gold:   12         SH:  0    Dex: 14    Spells: 4/4 levels left

rFire   . . .      SeeInvis .   (no weapon)
rCold   . . .      Faith    .   (no shield)
rNeg    . . .      Spirit   +   b - +0 robe
rPois   .          Reflect  .   (no helmet)
rElec   .          Harm     .   (no cloak)
rCorr   .          Rampage  .   (no gloves)
Will    .....                   (no boots)
Stlth   ++........              (no amulet)
HPRegen 0.03/turn               (no ring)
MPRegen 0.09/turn               (no ring)

@: no status effects
A: fangs 2, magic shield, antimagic bite, no potion heal 2
a: no special abilities


You were on level 1 of the Dungeon.
You visited 1 branch of the dungeon, and saw 1 of its levels.

You collected 12 gold pieces.

Inventory:

Armour
 b - a +0 robe (worn)
Scrolls
 d - a scroll of immolation {unknown}
 e - a scroll of noise {unknown}
 f - a scroll of teleportation {unknown}
Potions
 a - a potion of resistance {unknown}
 c - 3 potions of invisibility


   Skills:
 + Level 0.1 Fighting
 - Level 0.8 Short Blades
 + Level 0.1 Armour
 + Level 1.6 Dodging
 - Level 3.6 Stealth
 * Level 0.4 Unarmed Combat
 - Level 2.1 Spellcasting
 - Level 3.0 Hexes


You had 4 spell levels left.
You didn't know any spells.
Your spell library contained the following spells:

 Spells                   Type           Power      Damage    Failure   Level
 Ensorcelled Hibernation  Hex/Ice        12%        N/A       19%         2
 Confusing Touch          Hex            10%        N/A       19%         3
 Tukima's Dance           Hex            10%        N/A       19%         3
 Dazzling Flash           Conj/Hex       12%        N/A       34%         3


Dungeon Overview and Level Annotations

Branches:
Dungeon (1/15)

Altars:


Innate Abilities, Weirdness & Mutations

You have extremely sharp teeth.
When hurt, damage is shared between your health and your magic reserves.
Your bite disrupts and absorbs the magic of your enemies.
Potions cannot restore your health.


Message History

You hit the frilled lizard. Your bite misses the frilled lizard.
The frilled lizard bites you but does no damage.
You closely miss the frilled lizard. Your bite misses the frilled lizard.
The frilled lizard barely misses you.
You hit the frilled lizard.
You kill the frilled lizard!
Sorry, you're not good enough to have a special ability.
Found a potion of invisibility.
c - 3 potions of invisibility (gained 1)
Found 12 gold pieces.
No target in view!
No target in view!
No target in view!
You now have 12 gold pieces.
A hobgoblin comes into view.
The hobgoblin shouts!
A hobgoblin is nearby!
A hobgoblin is nearby!
You closely miss the hobgoblin. The hobgoblin closely misses you.
You hit the hobgoblin. Your bite misses the hobgoblin. The hobgoblin hits you.
You hit the hobgoblin.
You bite the hobgoblin, but do no damage.
The hobgoblin closely misses you.
You barely miss the hobgoblin.
You bite the hobgoblin, but do no damage.
The hobgoblin closely misses you.
You hit the hobgoblin. You bite the hobgoblin. You drain its power.
You feel invigorated.
You hit the hobgoblin but do no damage. Your bite misses the hobgoblin.
The hobgoblin closely misses you.
You closely miss the hobgoblin. You bite the hobgoblin.
You kill the hobgoblin!
No target in view!
No target in view!
You see here a hobgoblin corpse.
Found a mace.
Found a scroll labelled CEACOTS POHAU.
f - a scroll labelled CEACOTS POHAU
Found 2 lumpy clear potions.
Found a robe.
A gnoll comes into view. It is wielding a +0 club.
You see here 2 lumpy clear potions.
You hit the gnoll. You bite the gnoll, but do no damage.
The gnoll hits you with a +0 club!
You hit the gnoll. You bite the gnoll, but do no damage.
The gnoll closely misses you.
You hit the gnoll but do no damage. You bite the gnoll, but do no damage.
The gnoll hits you with a +0 club.
Ouch! That really hurt!
You die...

.#######†.# #..
#................###.#
###....................#
...........######..#.###
.#..PPPP...# #..#.# #
...P..P.P..# #..#.# #
#..P.P.P.P.# #....# #
#..P..P..[.## #.#### #
#.P..g@!...# #.# #
#.PP...PP..#####.######
#...PP.P.............##
..........##.####.###.##
..#####..###.# #.###.##
. #..# #.####.....##
#..# #.#.....#).## ...#
#.#.###...... #.# #.#
####.##


You could see a gnoll.

Vanquished Creatures
  A hobgoblin (D:1)
  A ball python (D:1)
  2 frilled lizards (D:1)
4 creatures vanquished.

Notes
Turn   | Place    | Note
-------+----------+-------------------------------------------
     0 | D:1      | vurker the Vine Stalker Enchanter began the quest for the
                  | Orb.
     0 | D:1      | Reached XP level 1. HP: 9/9 MP: 4/4
   292 | D:1      | Slain by a gnoll

Illustrated notes

Levels and vault maps discovered:
D:1:      dpeg_arrival_tiny_f, layout_loops_ring,
          hellmonk_ecumenical_altar_pennies_from_heaven, glass_columns_b,
          st_stairs_10, nicolae_grassy_gnolls

Action                   || total
-------------------------++-------
Melee: Unarmed           ||    20
       Bite              ||     9
 Stab: Sleeping          ||     1
Armor: Robe              ||     1
Dodge: Dodged            ||    13

Table legend: (Time is in decaauts)
 A = Elapsed time spent in this place.
 B = Non-inter-level travel time spent in this place.
 C = Inter-level travel time spent in this place.
 D = Time resting spent in this place.
 E = Time spent auto-exploring this place.
 F = Levels seen in this place.
 G = Mean time per level.
                   A        B        C        D        E       F      G
               +--------+--------+--------+--------+--------+-----+--------+
         Total |    291 |    291 |      0 |      0 |    234 |   1 |  291.0 |
       Dungeon |    291 |    291 |      0 |      0 |    234 |   1 |  291.0 |
               +--------+--------+--------+--------+--------+-----+--------+

Top non-repeatable levels by time:
     D:1: 291 daAuts
